 Dungeon Crawl Stone Soup version 0.21-a0-632-g1e37ce5 (webtiles) character file.

51 zxkuqyb the Chopper (level 3, -11/33 HPs)
             Began as a Minotaur Berserker on Dec 27, 2017.
             Was a Believer of Trog.
             Killed by nerve-wracking pain
             ... invoked by Jessica
              (14 damage)
             ... on level 2 of the Dungeon.
             The game lasted 00:03:11 (1194 turns).

zxkuqyb the Chopper (Minotaur Berserker)            Turns: 1194, Time: 00:03:12

Health: -11/33     AC:  2    Str: 22    XL:     3   Next: 58%
Magic:  0/2        EV: 12    Int:  4    God:    Trog [**....]
Gold:   65         SH:  0    Dex:  9    Spells: 2/2 levels left

rFire    . . .     SeeInvis .   a - +0 hand axe
rCold    . . .     Gourm    .   (no shield)
rNeg     . . .     Faith    .   b - +0 animal skin
rPois    .         Spirit   +   (helmet restricted)
rElec    .         Reflect  .   (no cloak)
rCorr    .         Harm     .   (no gloves)
MR       .....                  (no boots)
Stlth    +.........             g - amulet of guardian spirit
HPRegen  0.11/turn              (no ring)
MPRegen  0.08/turn              (no ring)

@: no status effects
A: retaliatory headbutt, horns 2
a: Berserk, Trog's Hand, Burn Spellbooks, Renounce Religion


You were on level 2 of the Dungeon.
You worshipped Trog.
Trog was pleased with you.
You were not hungry.

You visited 1 branch of the dungeon, and saw 2 of its levels.

You collected 65 gold pieces.

Inventory:

Hand Weapons
 a - a +0 hand axe (weapon)
Missiles
 n - 6 tomahawks (quivered)
Armour
 b - a +0 animal skin (worn)
Jewellery
 g - an amulet of guardian spirit (around neck)
Scrolls
 d - 3 scrolls of amnesia {unknown}
 i - a scroll of magic mapping {unknown}
 k - a scroll of remove curse {unknown}
 l - a scroll of identify {unknown}
 m - a scroll of fog {unknown}
Potions
 e - a potion of magic {unknown}
 f - a potion of heal wounds {unknown}
 h - 3 potions of curing {unknown}
 j - a potion of lignification {unknown}
Comestibles
 c - 2 rations
 o - 5 chunks of flesh


   Skills:
 + Level 4.0 Fighting
 * Level 4.4 Axes
 * Level 3.4 Armour
 + Level 2.6 Dodging


You had 2 spell levels left.
You didn't know any spells.

Dungeon Overview and Level Annotations

Branches:
Dungeon (2/15)

Altars:
Hepliaklqana

Annotations:
D:2 Jessica


Innate Abilities, Weirdness & Mutations

You reflexively headbutt those who attack you in melee.
You have a pair of horns on your head.


Message History

Jessica is moderately wounded.
Jessica mumbles some strange words.
Jessica blinks!
Jessica gestures at you while chanting. Pain shoots through your body!
Jessica shouts, "I don't like beings like you!"
Jessica casts a spell at you. Pain shoots through your body!
Jessica misses you.
You hit Jessica but do no damage.
Jessica is lightly wounded.
Jessica misses you.
Jessica mumbles some strange words.
Jessica blinks!
Jessica casts a spell at you. Pain shoots through your body!
* * * LOW HITPOINT WARNING * * *
Jessica points at you and mumbles some strange words.
Pain shoots through your body!
You die...

## ##.# ...## ####....
..... # #######.####.#
#.......@....#
#.###.#.####.#
#.#......#.# #
#########.#.#......#
........#.#...#.##.#
#######.#....@.......
#######.#..##.#.##.#.#
.................# #.#
....###.#..##.#.... #


You could see Jessica.

Vanquished Creatures
  3 worms (D:2)
  3 dart slugs (D:1)
  A leopard gecko (D:2)
  3 giant cockroaches
  5 hobgoblins
  3 jackals (D:1)
  3 kobolds
  5 bats
  2 frilled lizards (D:1)
  2 goblins
  4 rats (D:1)
34 creatures vanquished.

Notes
Turn   | Place    | Note
-------+----------+-------------------------------------------
     0 | D:1      | zxkuqyb the Minotaur Berserker began the quest for the Orb.
     0 | D:1      | Reached XP level 1. HP: 19/19 MP: 0/0
   155 | D:1      | Reached XP level 2. HP: 20/27 MP: 1/1
   486 | D:1      | Reached ** piety under Trog
   486 | D:1      | Reached XP level 3. HP: 29/33 MP: 2/2
   726 | D:2      | Found a hazy altar of Hepliaklqana.
  1180 | D:2      | Noticed Jessica
  1194 | D:2      | Killed from afar by Jessica

Vault maps used:
D:1:      nzn_arrival_settlement, dk_noncrumbling_2
D:2:      lemuel_doored_altar, minmay_misc_feat_plants, uniq_jessica

Skill      XL: |  1  2  3 |
---------------+----------+-----
Axes           | 4 |  4.4
Armour         | 3 |  3.4
Fighting       | 4 |  4.0
Dodging        | |  2.6

Action                   || total
-------------------------++-------
Melee: Hand axe          ||    68
       Headbutt          ||    11
  Eat: Chunk             ||     1
Armor: Animal skin       ||     9
Dodge: Dodged            ||    36

Table legend:
 A = Spawn XP
 B = Non-spawn XP
 C = Spawn XP percentage of total XP
 D = Spawn monster count
 E = Non-spawn monster count
 F = Spawn count percentage of total count
 G = Total turns spent on level
                    A         B        C        D         E        F      G
               +---------+---------+-------+---------+---------+-------+---------
         Total |       0 |      74 |   0.0 |       0 |      34 |   0.0 |  1194
               +---------+---------+-------+---------+---------+-------+---------
           D:1 |       0 |      42 |   0.0 |       0 |      22 |   0.0 |   532
           D:2 |       0 |      32 |   0.0 |       0 |      12 |   0.0 |   662
               +---------+---------+-------+---------+---------+-------+---------
